AoeStats
← itsdebbie

MegaRandom

509991679Analyzed
4v4 RM · 3d ago on Sep 28, 2026· 46m 35s· 8 players
Game mode
Random Map
Map size
Large (8 player)
Population
200
Speed
Normal
Resources
Standard
Victory
Conquest
Starting age
Dark Age
Ending age
Imperial Age
RankedLock teamsTeams togetherTeam positionsShared explorationLock speedFull tech treeHidden civsTurbo modeCheats
Victory
Defeat
🇺🇸 Portuguese · United States
857
+12
🇺🇸 Magyars · United States
836
+13
🇺🇸 Armenians · United States
818
+14
🇧🇷 Bengalis · Brazil
721
+19
🇬🇧 Tatars · United Kingdom
783
-15
🇬🇧 Varangians · United Kingdom
782
-15
🇧🇷 Inca · Brazil
758
-14
🇨🇳 Franks · China
755
-14
SlyScissors443
9:21 Loom
13:06 Feudal Age
13:32 Double-Bit Axe
14:06 Horse Collar
22:10 Castle Age
20:23 Stone Mining
23:59 Bow Saw
24:03 Heavy Plow
25:10 Town Watch
26:02 Wheelbarrow
26:42 Fervor
30:40 Treadmill Crane
31:22 Ballistics
31:58 Fletching
36:47 Imperial Age
34:34 Hand Cart
35:28 Caravan
37:08 Scale Barding Armor
37:13 Forging
38:27 Chain Barding Armor
38:05 Bodkin Arrow
41:52 Plate Barding Armor
41:52 Iron Casting
41:43 Conscription
42:10 Bloodlines
42:02 Husbandry
43:29 Elite Jarl
theilor.taiariol
12:14 Feudal Age
19:14 Champi Runner
23:30 Forging
23:20 Scale Mail Armor
31:30 Padded Archer Armor
34:20 Fletching
38:51 Castle Age
38:56 Champi Warrior
38:57 Pikeman
39:38 Squires
欧皇
4:59 Loom
15:11 Feudal Age
17:56 Wheelbarrow
22:59 Castle Age
29:22 Double-Bit Axe
35:38 Bow Saw
48:18 Imperial Age
Done
6:53 Loom
14:39 Feudal Age
15:14 Town Watch
19:38 Castle Age
18:35 Double-Bit Axe
24:56 Wheelbarrow
28:01 Gold Mining
28:29 Hand Cart
30:11 Fletching
34:03 Gold Shaft Mining
35:04 Husbandry
35:21 Scale Barding Armor
36:15 Forging
36:41 Horse Collar
40:44 Imperial Age
38:16 Town Patrol
38:35 Bloodlines
39:03 Iron Casting
BloodTearss
8:59 Loom
13:08 Feudal Age
14:25 Horse Collar
14:34 Double-Bit Axe
18:14 Castle Age
21:50 Man-at-Arms
22:19 Gambesons
22:28 Fletching
22:51 Forging
22:48 Scale Mail Armor
24:47 Wheelbarrow
24:16 Heavy Plow
23:47 Long Swordsman
26:41 Two-Handed Swordsman
28:53 Stone Mining
29:45 Squires
29:33 Arson
34:19 Fletching
34:29 Padded Archer Armor
35:16 Champion
36:50 Bow Saw
36:33 Town Watch
37:40 Hand Cart
38:58 Ballistics
39:57 Bodkin Arrow
40:18 Leather Archer Armor
41:57 Murder Holes
47:39 Iron Casting
47:20 Chain Mail Armor
sleW
2:45 Loom
11:07 Feudal Age
15:13 Castle Age
13:24 Double-Bit Axe
14:10 Horse Collar
22:02 Wheelbarrow
21:14 Town Watch
21:56 Fervor
23:48 Scale Barding Armor
23:43 Fletching
28:00 Scale Barding Armor
28:33 Pikeman
29:15 Scale Mail Armor
29:26 Forging
32:04 Hand Cart
32:09 Chain Mail Armor
34:50 Town Patrol
35:58 Circumnavigation
36:43 Bow Saw
36:36 Heavy Plow
36:29 Gambesons
36:30 Arson
39:40 Imperial Age
38:15 Iron Casting
39:42 Capped Ram
40:36 Arquebus
41:01 Conscription
42:30 Halberdier
44:20 Blast Furnace
43:50 Plate Mail Armor
43:33 Elite Organ Gun
Fryy
8:53 Loom
12:45 Feudal Age
15:08 Scale Barding Armor
18:39 Double-Bit Axe
18:37 Horse Collar
19:08 Stone Mining
28:11 Castle Age
34:02 Murder Holes
35:20 Corvinian Army
45:49 Wheelbarrow
itsdebbie
38:08 Feudal Age
39:54 Wheelbarrow
39:06 Town Watch
41:07 Gold Mining
44:43 Double-Bit Axe
46:18 Horse Collar
Connection lost

Rejoining the realm…

Still unreachable

The connection could not be restored.

Session expired

The server has moved on; the page needs a fresh start.